 Dungeon Crawl Stone Soup version 0.29-a0-218-gf2abdc9806 (webtiles) character file.

Game seed: 12376913471936870271

755 Ordine the Conjurer (level 7, -1/40 HPs)
             Began as a Deep Elf Conjurer on Feb 23, 2022.
             Slain by a centaur
             ... wielding a +0 mace
              (5 damage)
             ... on level 5 of the Dungeon on Feb 25, 2022.
             The game lasted 00:10:23 (4410 turns).

Ordine the Conjurer (Deep Elf Conjurer)             Turns: 4410, Time: 00:10:24

Health: -1/40      AC:  3    Str:  4    XL:     7   Next: 49%
Magic:  3/17       EV: 13    Int: 25    God:
Gold:   23         SH:  0    Dex: 13    Spells: 6/17 levels left

rFire   . . .      SeeInvis .   o - +3 rapier "Hotid" {venom, rElec rCorr}
rCold   . . .      Faith    .   (no shield)
rNeg    . . .      Spirit   .   l - +1 robe
rPois   .          Reflect  .   (no helmet)
rElec   +          Harm     .   (no cloak)
rCorr   +          Rampage  .   (no gloves)
Will    .....                   (no boots)
Stlth   +++.......              (no amulet)
HPRegen 0.13/turn               (no ring)
MPRegen 0.15/turn               (no ring)

@: no status effects
A: no striking features
a: no special abilities


You were on level 5 of the Dungeon.
You visited 1 branch of the dungeon, and saw 5 of its levels.

You collected 176 gold pieces.
You spent 153 gold pieces at shops.

Inventory:

Hand Weapons
 o - the +3 rapier "Hotid" (weapon) {venom, rElec rCorr}
   (You bought it in a shop on level 4 of the Dungeon)

   It poisons the flesh of those it strikes.
   rElec:     It insulates you from electricity.
   rCorr:     It protects you from acid and corrosion.
Armour
 l - a +1 robe (worn)
Jewellery
 e - a ring of flight
 f - an amulet of faith
Wands
 a - a wand of iceblast (9)
 n - a wand of paralysis (2)
Scrolls
 b - a scroll of acquirement {unknown}
 g - 4 scrolls of identify {unknown}
 i - a scroll of noise {unknown}
 j - a scroll of magic mapping {unknown}
 k - a scroll of teleportation {unknown}
Potions
 c - 2 potions of haste {unknown}
 d - a potion of curing
 h - a potion of magic {unknown}
 m - a potion of attraction {unknown}


   Skills:
 + Level 2.7 Fighting
 + Level 4.9 Dodging
 + Level 5.2 Stealth
 + Level 5.5 Spellcasting
 + Level 5.9 Conjurations
 + Level 1.8 Evocations


You had 6 spell levels left.
You knew the following spells:

 Your Spells              Type           Power      Damage    Failure   Level
a - Magic Dart            Conj           100%       1d8       1%          1
b - Searing Ray           Conj           72%        2d7       1%          2
c - Fulminant Prism       Conj/Hex       10%        3d9       22%         4
d - Iskenderun's Mystic   Conj/Tloc      21%        2d6       22%         4

Your spell library contained the following spells:

 Spells                   Type           Power      Damage    Failure   Level
 Dazzling Flash           Conj/Hex       42%        N/A       7%          3
 Ozocubu's Armour         Ice            6%         N/A       24%         3
 Metabolic Englaciation   Hex/Ice        3%         N/A       91%         5
 Simulacrum               Ice/Necr       3%         N/A       100%        6


Dungeon Overview and Level Annotations

Branches:
Dungeon (5/15)
 Temple: D:4-7

Altars:
Okawaru

Shops:
D:4 (


Message History

The arrow hits you!
You see here a hound corpse.
The centaur unwields a +0 shortbow.
The centaur wields a +0 mace.
The centaur barely misses you.
The centaur kicks you but does no damage.
Casting: Searing Ray (safe; 1% risk of failure)
Confirm with . or Enter, or press ? or * to list all spells.
Aiming: Searing Ray (safe; 1% risk of failure)
Press: ? - help, Shift-Dir - straight line, f - centaur
Aim: a centaur, wielding a +0 mace (88% to hit)
The searing ray hits the centaur.
The centaur is lightly wounded. (Press . to maintain the ray.)
The centaur barely misses you. x2
The searing ray hits the centaur but does no damage.
The centaur is lightly wounded.
The centaur barely misses you. The centaur kicks you.
The centaur hits you with a +0 mace!
* * * LOW HITPOINT WARNING * * *
The centaur barely misses you.
Unknown command.
You feel better. The centaur misses you. The centaur barely misses you.
Casting: Searing Ray (safe; 1% risk of failure)
Confirm with . or Enter, or press ? or * to list all spells.
Aiming: Searing Ray (safe; 1% risk of failure)
Press: ? - help, Shift-Dir - straight line, f/p - centaur
Aim: a centaur, wielding a +0 mace (lightly wounded, 88% to hit)
The searing ray hits the centaur.
The centaur is moderately wounded. (Press . to maintain the ray.)
The centaur closely misses you. The centaur kicks you.
The centaur completely misses you. The centaur kicks you.
The searing ray hits the centaur!
The centaur is heavily wounded.
The centaur closely misses you.
The centaur kicks you but does no damage.
The searing ray misses the centaur.
The centaur hits you with a +0 mace!
* * * LOW HITPOINT WARNING * * *
The centaur barely misses you. The centaur hits you with a +0 mace.
You die...

... ... #### .8.. ##.P.
. ..... #.P≈§≈≈ ....####
#§P§≈§≈ ..##....##
#####§.§≈≈≈
.........#####..§§§§§≈≈≈
#...c@†.........§§§.≈P
#.###.#########.##§#.#
#># #......... #.#
####......### #..
..........# ###
###..<...# #......#
###.##.### #.......


You could see a centaur.

Vanquished Creatures
  Sigmund (D:3)
  A necrophage (D:4)
  An ogre (D:5)
  A scorpion (D:5)
  A water moccasin zombie (D:5)
  A hound (D:5)
  An orc priest (D:4)
  3 jellies
  A hound zombie (D:5)
  2 howler monkey zombies (D:5)
  5 adders
  An ufetubus (D:4)
  3 worms (D:4)
  3 dart slugs
  4 orcs (D:4)
  10 ball pythons
  5 endoplasms
  2 giant cockroaches
  4 goblins
  3 hobgoblins
  6 jackals (D:3)
  A quokka (D:4)
  6 bats
  2 frilled lizards
  6 kobolds
  2 rats
76 creatures vanquished.

Vanquished Creatures (others)
  2 withered plants (D:5)
2 creatures vanquished.

Grand Total: 78 creatures vanquished

Notes
Turn   | Place    | Note
-------+----------+-------------------------------------------
     0 | D:1      | Ordine the Deep Elf Conjurer began the quest for the Orb.
     0 | D:1      | Reached XP level 1. HP: 10/10 MP: 6/6
   191 | D:1      | Reached XP level 2. HP: 15/15 MP: 5/8
   194 | D:1      | Learned a level 2 spell: Searing Ray
   947 | D:2      | Reached XP level 3. HP: 20/20 MP: 6/10
  1047 | D:2      | Found an iron altar of Okawaru.
  1100 | D:2      | Reached skill level 1 in Fighting
  1678 | D:3      | Reached XP level 4. HP: 25/25 MP: 6/11
  1722 | D:3      | Learned a level 4 spell: Fulminant Prism
  2300 | D:3      | Found a faded altar of an unknown god.
  2345 | D:3      | Noticed Sigmund
  2371 | D:3      | Killed Sigmund
  2372 | D:3      | Reached skill level 5 in Conjurations
  2372 | D:3      | Reached XP level 5. HP: 11/30 MP: 1/13
  2795 | D:4      | Noticed a necrophage
  2796 | D:4      | Upgraded the game from 0.29-a0-200-gc7997b95f3 to
                  | 0.29-a0-210-g9445043ebc
  2800 | D:4      | Killed a necrophage
  2801 | D:4      | Reached XP level 6. HP: 35/35 MP: 7/15
  2856 | D:4      | Found Yntuaremni's Antique Weapon Boutique.
  2862 | D:4      | Learned a level 4 spell: Iskenderun's Mystic Blast
  3369 | D:4      | Upgraded the game from 0.29-a0-210-g9445043ebc to
                  | 0.29-a0-218-gf2abdc9806
  3375 | D:4      | Reached skill level 5 in Spellcasting
  4027 | D:4      | Bought an encrusted rapier for 153 gold pieces
  4027 | D:4      | Identified the +3 rapier "Hotid" {venom, rElec rCorr} (You
                  | bought it in a shop on level 4 of the Dungeon)
  4031 | D:5      | Entered Level 5 of the Dungeon
  4038 | D:5      | Reached skill level 1 in Evocations
  4038 | D:5      | Reached XP level 7. HP: 40/40 MP: 10/16
  4108 | D:5      | Reached skill level 5 in Stealth
  4410 | D:5      | Slain by a centaur

Illustrated notes

Levels and vault maps discovered:
D:1:      scummos_arrival_checkerplants, layout_basic
D:2:      layout_basic, basic_altar, nrook_mini_vaults, kennysheep_nub
D:3:      layout_loops_ring, nicolae_ecumenical_snake_handling, uniq_sigmund
D:4:      layout_loops_cross, serial_shops, nicolae_stop_n_shop_2, minivault_11,
          hangedman_abyss_or_decor_stabs
D:5:      layout_loops_ring, serial_undead, serial_undead_b, serial_undead_c,
          serial_undead_a, serial_undead_f, serial_undead_d, serial_undead_d,
          minmay_misc_feat_x, uniq_ijyb

Skill      XL: |  1  2  3  4  5  6  7 |
---------------+----------------------+-----
Stealth        | 3 4 5 |  5.2
Dodging        | 3 4 |  4.9
Fighting       | 1 2 |  2.7
Spellcasting   | 4 5 |  5.5
Conjurations   | 5 |  5.9
Evocations     | 1 |  1.8

Action                   |  1- 3 |  4- 6 |  7- 9 || total
-------------------------+-------+-------+-------++-------
 Cast: Magic Dart        |    59 |    72 |    25 ||   156
       Searing Ray       |       |     7 |     5 ||    12
  Use: Potion            |       |     1 |     1 ||     2
Armor: Robe              |     3 |     1 |     3 ||     7
Dodge: Dodged            |     3 |     5 |    22 ||    30

Table legend: (Time is in decaauts)
 A = Elapsed time spent in this place.
 B = Non-inter-level travel time spent in this place.
 C = Inter-level travel time spent in this place.
 D = Time resting spent in this place.
 E = Time spent auto-exploring this place.
 F = Levels seen in this place.
 G = Mean time per level.
                   A        B        C        D        E       F      G
               +--------+--------+--------+--------+--------+-----+--------+
         Total |   4408 |   4260 |    148 |      4 |   3862 |   5 |  881.6 |
       Dungeon |   4408 |   4260 |    148 |      4 |   3862 |   5 |  881.6 |
               +--------+--------+--------+--------+--------+-----+--------+

Top non-repeatable levels by time:
     D:4: 1235 daAuts
     D:3: 1121 daAuts
     D:2: 942 daAuts
     D:1: 730 daAuts
     D:5: 378 daAuts
